 Dungeon Crawl Stone Soup version 0.30-a0-358-g0d69a1922f (webtiles) character file.

Game seed: 2397449592877694313

294 mopl the Magician (level 6, 0/41 HPs)
             Began as a Mummy Fire Elementalist on Nov 9, 2022.
             Slain by Terence
             ... wielding a +1 flail of pain
              (3 damage)
             ... on level 3 of the Dungeon.
             The game lasted 00:05:32 (2940 turns).

mopl the Magician (Mummy Fire Elementalist)         Turns: 2940, Time: 00:05:33

Health: 0/41       AC:  4    Str: 12    XL:     6   Next: 11%
Magic:  3/13       EV: 12    Int: 16    God:
Gold:   145        SH:  0    Dex: 12    Spells: 8/15 levels left

rFire   x . .      SeeInvis .    d - +0 spear
rCold   + . .      Faith    +    (no shield)
rNeg    + + +      Spirit   .    a - +0 robe
rPois   ∞          Reflect  .    (no helmet)
rElec   .          Harm     .    b - +0 cloak
rCorr   .          Rampage  .    k - +0 pair of gloves
Will    .....                    (no boots)
Stlth   ++........               (no amulet)
HPRegen 0.26/turn                (no ring)
MPRegen 0.13/turn                (no ring)

@: no status effects
A: cold resistance 1, negative energy resistance 3, torment resistance 2, heat
vulnerability 1, in touch with death 1, no potions, faith
a: no special abilities


You were on level 3 of the Dungeon.
You visited 1 branch of the dungeon, and saw 4 of its levels.

You collected 145 gold pieces.

Inventory:

Hand Weapons
 d - a +0 spear (weapon)
Missiles
 l - 5 poisoned darts
Armour
 a - a +0 robe (worn)
 b - a +0 cloak (worn)
 k - a +0 pair of gloves (worn)
Wands
 n - a wand of flame (17) (quivered)
Scrolls
 c - 3 scrolls of identify {unknown}
 e - a scroll of teleportation {unknown}
 f - a scroll of brand weapon {unknown}
 g - 2 scrolls of magic mapping {unknown}
 h - a scroll of immolation {unknown}
 i - 2 scrolls of enchant weapon {unknown}
 j - a scroll of poison {unknown}
 m - 2 scrolls of enchant armour {unknown}


   Skills:
 - Level 1.5 Dodging
 - Level 1.5 Stealth
 * Level 5.2 Spellcasting
 + Level 2.3 Conjurations
 + Level 3.3 Fire Magic
 * Level 2.0 Poison Magic


You had 8 spell levels left.
You knew the following spells:

 Your Spells              Type           Power      Damage    Failure   Level
a - Foxfire               Conj/Fire      52%        2x1d6     4%          1
b - Scorch                Fire           28%        2d6       5%          2
o - Olgreb's Toxic Radia  Pois           10%        N/A       54%         4

Your spell library contained the following spells:

 Spells                   Type           Power      Damage    Failure   Level
 Shock                    Conj/Air       28%        1d4       10%         1
 Sting                    Tmut/Pois      28%        1d4       10%         1
 Slow                     Hex            16%        N/A       16%         1
 Poisonous Vapours        Pois/Air       14%        N/A       16%         2
 Ignite Poison            Fire/Tmut/Pois 9%         N/A       22%         3
 Inner Flame              Hex/Fire       9%         N/A       22%         3
 Dazzling Flash           Conj/Hex       14%        N/A       28%         3
 Kindle Blastsparks       Fire/Tloc/Air  14%        2d11      28%         3
 Confusing Touch          Hex            4%         N/A       41%         3
 Frozen Ramparts          Ice            8%         1d2       41%         3
 Vampiric Draining        Necr           6%         2d6       41%         3
 Flame Wave               Conj/Fire      13%        2d6       43%         4
 Summon Ice Beast         Ice/Summ       4%         N/A       83%         4
 Freezing Cloud           Conj/Ice/Air   3%         6-21      96%         5
 Agony                    Necr           6%         N/A       99%         5
 Silence                  Hex/Air        2%         N/A       99%         5
 Ice Form                 Ice/Tmut       Unusable   N/A       N/A         4

Dungeon Overview and Level Annotations

Branches:
Dungeon (4/15)
 Temple: D:4-7

Altars:

Shops:
D:4 :

Annotations:
D:3 Terence


Innate Abilities, Weirdness & Mutations

You are immune to poison.
Your flesh is cold resistant. (rC+)
You are immune to negative energy. (rN+++)
You are immune to unholy pain and torment.
You are vulnerable to heat. (rF-)
You are in touch with the powers of death.
You do not drink.
You have a special connection with the divine. (Faith)


Message History

Terence hits you with a +1 flail of pain.
Reach: d) +0 spear
Press: ? - help, Dir - move target, f/p - Terence
Aim: Terence, wielding a +1 flail of pain and wearing a +0 scale mail (severely wounded, more vulnerable to fire, about 37% to evade your +0 spear)
You hit Terence but do no damage.
Terence is severely wounded.
Terence hits you but does no damage.
Reach: d) +0 spear
Press: ? - help, Dir - move target, f/p - Terence
Aim: Terence, wielding a +1 flail of pain and wearing a +0 scale mail (severely wounded, more vulnerable to fire, about 37% to evade your +0 spear)
You hit Terence but do no damage.
Terence is severely wounded.
Terence misses you.
Reach: d) +0 spear
Press: ? - help, Dir - move target, f/p - Terence
Aim: Terence, wielding a +1 flail of pain and wearing a +0 scale mail (severely wounded, more vulnerable to fire, about 37% to evade your +0 spear)
You barely miss Terence.
Terence is severely wounded.
Terence closely misses you.
Reach: d) +0 spear
Press: ? - help, Dir - move target, f/p - Terence
Aim: Terence, wielding a +1 flail of pain and wearing a +0 scale mail (severely wounded, more vulnerable to fire, about 37% to evade your +0 spear)
You hit Terence but do no damage.
Terence is severely wounded.
Terence is no longer more vulnerable to fire.
Terence hits you with a +1 flail of pain.
Reach: d) +0 spear
Press: ? - help, Dir - move target, f/p - Terence
Aim: Terence, wielding a +1 flail of pain and wearing a +0 scale mail (severely wounded, about 37% to evade your +0 spear)
You hit Terence.
Terence is severely wounded.
Terence hits you with a +1 flail of pain!
* * * LOW HITPOINT WARNING * * *
Reach: d) +0 spear
Press: ? - help, Dir - move target, f/p - Terence
Aim: Terence, wielding a +1 flail of pain and wearing a +0 scale mail (severely wounded, about 37% to evade your +0 spear)
You hit Terence.
Terence is severely wounded.
Terence hits you with a +1 flail of pain.
You die...

# #.#.# #.#####.### #.# #.
# ####.#.# #.# #.# #.# #.
# #....#.# #(# #.# #.# #.
# #.#### #.# #<# #.# #. #
#.# #.# #######.# #.
######.# #.# #.......# #.
#......# #.# #.#########.
#.###### #.# #.#.........
#.# #@# #.#.######## #.#
#....@.# #.#.#
#.####################.#.#
#............##........#.#
############.##.#........#
................#.######.#
##########.#......# #.#
#.####.#.# #.# ### #####
###


You could see Terence.

Vanquished Creatures
  A hound (D:4)
  Jessica (D:3)
  Ijyb (D:3)
  2 iguanas (D:4)
  4 gnolls (D:3)
  6 adders
  A dart slug (D:1)
  2 orcs
  4 ball pythons
  7 bats
  3 endoplasms
  A giant cockroach (D:2)
  7 hobgoblins
  6 jackals
  4 quokkas
  A frilled lizard (D:3)
  6 goblins
  3 kobolds
  5 rats
65 creatures vanquished.

Vanquished Creatures (others)
  18 foxfires
  A fungus (D:1)
  A plant (D:1)
20 creatures vanquished.

Grand Total: 85 creatures vanquished

Notes
Turn   | Place    | Note
-------+----------+-------------------------------------------
     0 | D:1      | mopl the Mummy Fire Elementalist began the quest for the
                  | Orb.
     0 | D:1      | Reached XP level 1. HP: 13/13 MP: 4/4
   155 | D:1      | Reached skill level 1 in Conjurations
   159 | D:1      | Reached XP level 2. HP: 11/19 MP: 0/5
   224 | D:1      | Learned a level 2 spell: Scorch
   276 | D:1      | Found a faded altar of an unknown god.
   283 | D:1      | Got Plato's Excursus on Gusts
   296 | D:1      | Reached skill level 3 in Spellcasting
   450 | D:1      | You fall into a shaft and drop 1 floor!
   810 | D:2      | Gained mutation: You are in touch with the powers of death.
                  | [Mummy growth]
   810 | D:2      | Reached XP level 3. HP: 24/24 MP: 4/7
  1279 | D:3      | Reached skill level 4 in Spellcasting
  1401 | D:3      | Reached XP level 4. HP: 30/30 MP: 5/10
  1406 | D:3      | Learned a level 4 spell: Olgreb's Toxic Radiance
  1507 | D:3      | Reached skill level 3 in Fire Magic
  1585 | D:3      | Noticed Ijyb
  1641 | D:3      | Killed Ijyb
  2080 | D:4      | Reached skill level 1 in Poison Magic
  2111 | D:4      | Reached skill level 2 in Conjurations
  2111 | D:4      | Reached XP level 5. HP: 35/35 MP: 1/11
  2372 | D:4      | Reached skill level 5 in Spellcasting
  2402 | D:4      | Found Dolyor's Self-Improvement Boutique.
  2620 | D:3      | Reached XP level 6. HP: 41/41 MP: 2/13
  2693 | D:3      | Noticed Jessica
  2694 | D:3      | Killed Jessica
  2695 | D:3      | Reached skill level 2 in Poison Magic
  2924 | D:3      | Noticed Terence
  2940 | D:3      | Slain by Terence

Illustrated notes

Levels and vault maps discovered:
D:1:      wander_arrival_peaceful_grave, layout_loops_ring,
          shapermc_ecumenical_altar_rom_forum
D:2:      layout_loops_ring
D:3:      layout_basic, moated_statue, minmay_misc_feat_rows, uniq_jessica,
          uniq_ijyb, uniq_terence
D:4:      layout_rooms, minmay_temple_entry_statues_pillars,
          nicolae_shop_self_help, uniq_pikel

Skill      XL: |  1  2  3  4  5  6 |
---------------+-------------------+-----
Conjurations   | 1 2 |  2.3
Spellcasting   | 3 4 5 |  5.2
Fire Magic     | 3 |  3.3
Poison Magic   | 1 2 |  2.0
Dodging        | |  1.5
Stealth        | |  1.5

Action                   |  1- 3 |  4- 6 || total
-------------------------+-------+-------++-------
Melee: Unarmed           |     2 |       ||     2
       Spear             |    38 |    43 ||    81
 Cast: Foxfire           |     8 |     2 ||    10
       Scorch            |    30 |    54 ||    84
Armor: Robe              |    16 |     9 ||    25
Dodge: Dodged            |    33 |    31 ||    64

Table legend: (Time is in decaauts)
 A = Elapsed time spent in this place.
 B = Non-inter-level travel time spent in this place.
 C = Inter-level travel time spent in this place.
 D = Time resting spent in this place.
 E = Time spent auto-exploring this place.
 F = Levels seen in this place.
 G = Mean time per level.
                   A        B        C        D        E       F      G
               +--------+--------+--------+--------+--------+-----+--------+
         Total |   2947 |   2910 |     37 |    499 |   1805 |   4 |  736.8 |
       Dungeon |   2947 |   2910 |     37 |    499 |   1805 |   4 |  736.8 |
               +--------+--------+--------+--------+--------+-----+--------+

Top non-repeatable levels by time:
     D:3: 1233 daAuts
     D:1: 749 daAuts
     D:2: 523 daAuts
     D:4: 440 daAuts
